APL (24 & UNDER)
NASHUA REDLEGS @ DETROIT DIRTY SNOW
08/19/2028
 
TOP OF THE 1ST
Nashua Redlegs batting - Pitching for Detroit Dirty Snow : RHP Gilbert Bright
Pitching: RHP Gilbert Bright
Batting: LHB Derrek Robinson 0-0: Ball
1-0: Ball
2-0: Ball
3-0: Called Strike
3-1: Swinging Strike
3-2: Foul Ball, location: 2F
3-2: Foul Ball, location: 2F
3-2: Foul Ball, location: 2F
3-2: Foul Ball, location: 2F
3-2: Foul Ball, location: 2F
3-2: Base on Balls
Batting: RHB Currito Campos 0-0: Called Strike
0-1: Fly out, F6 (Popup, 5D)
Batting: LHB Bob Campbell 0-0: Ball
Derrek Robinson is caught stealing 2nd base
1-0: Ball
2-0: Called Strike
2-1: Called Strike
2-2: Fly out, F8 (Line Drive, 8LS)
Top of the 1st over - 0 run(s), 0 hit(s), 0 error(s), 0 left on base; Nashua 0 - Detroit 0
BOTTOM OF THE 1ST
Detroit Dirty Snow batting - Pitching for Nashua Redlegs : LHP Patrick Carlson
Pitching: LHP Patrick Carlson
Batting: SHB Cristián López 0-0: Bunted foul
0-1: SINGLE (Flyball, 7S)
Batting: RHB Cristo Souza 0-0: Called Strike
0-1: Ball
1-1: Ball
2-1: Called Strike
2-2: Foul Ball, location: 2F
2-2: Grounds into double play, 5-4-3 (Groundball, 56)
Batting: LHB Félix Costa 0-0: Ball
1-0: Ball
2-0: Swinging Strike
2-1: Foul Ball, location: 2F
2-2: Foul Ball, location: 2F
2-2: Ball
3-2: Foul Ball, location: 2F
3-2: Ground out U3 (Groundball, 3L)
Bottom of the 1st over - 0 run(s), 1 hit(s), 0 error(s), 0 left on base; Nashua 0 - Detroit 0
TOP OF THE 2ND
Nashua Redlegs batting - Pitching for Detroit Dirty Snow : RHP Gilbert Bright
Batting: SHB José Vélez 0-0: Called Strike
0-1: Ball
1-1: Ball
2-1: Ball
3-1: Base on Balls
Batting: RHB Jorge Valenzuela 0-0: Fly out, F1 (Line Drive, 15)
Batting: RHB António Pérez 0-0: Ball
1-0: Ball
2-0: Swinging Strike
2-1: Called Strike
2-2: Ball
3-2: Base on Balls
José Vélez to second
Batting: RHB Eleuterio Supardo 0-0: Called Strike
0-1: Foul Ball, location: 2F
0-2: DOUBLE (Groundball, 3L)
José Vélez scores
António Pérez to third
Batting: RHB Katsuhito Ohayashi 0-0: Called Strike
0-1: Ground out 5-3 (Groundball, 56)
António Pérez scores
Batting: RHB Dave Warren 0-0: Ball
1-0: Ball
2-0: Ball
3-0: Called Strike
3-1: Called Strike
3-2: SINGLE (Line Drive, 5D)
Eleuterio Supardo to third
Eleuterio Supardo scores
Batting: LHB Derrek Robinson 0-0: Ball
1-0: Foul Ball, location: 2F
1-1: Ball
2-1: 2-RUN HOME RUN (Flyball, 8RXD), Distance : 434 ft
Batting: RHB Currito Campos 0-0: Ball
1-0: Ball
2-0: Ball
3-0: Base on Balls
Batting: LHB Bob Campbell 0-0: Ball
1-0: Called Strike
1-1: Foul Ball, location: 2F
1-2: Ball
2-2: Ball
3-2: Foul Ball, location: 2F
3-2: Base on Balls
Currito Campos to second
Batting: SHB José Vélez 0-0: Ball
1-0: Fly out, F9 (Line Drive, 89M)
Top of the 2nd over - 5 run(s), 3 hit(s), 0 error(s), 2 left on base; Nashua 5 - Detroit 0
BOTTOM OF THE 2ND
Detroit Dirty Snow batting - Pitching for Nashua Redlegs : LHP Patrick Carlson
Batting: RHB Carlos Rocha 0-0: Swinging Strike
0-1: Called Strike
0-2: Strikes out swinging, 2-3 out at first.
Batting: RHB Gary Wyatt 0-0: Ball
1-0: Fly out, F9 (Flyball, 9LM)
Batting: RHB Charlie O'Farrell 0-0: Called Strike
0-1: Ball
1-1: Fly out, F8 (Flyball, 8LS)
Bottom of the 2nd over - 0 run(s), 0 hit(s), 0 error(s), 0 left on base; Nashua 5 - Detroit 0
TOP OF THE 3RD
Nashua Redlegs batting - Pitching for Detroit Dirty Snow : RHP Gilbert Bright
Batting: RHB Jorge Valenzuela 0-0: Ball
1-0: Called Strike
1-1: Foul Ball, location: 2F
1-2: Ball
2-2: Strikes out swinging
Batting: RHB António Pérez 0-0: Called Strike
0-1: Ball
1-1: Foul Ball, location: 2F
1-2: Ball
2-2: Fly out, F6 (Line Drive, 6)
Batting: RHB Eleuterio Supardo 0-0: Ball
1-0: Called Strike
1-1: Foul Ball, location: 2F
1-2: Strikes out swinging
Top of the 3rd over - 0 run(s), 0 hit(s), 0 error(s), 0 left on base; Nashua 5 - Detroit 0
BOTTOM OF THE 3RD
Detroit Dirty Snow batting - Pitching for Nashua Redlegs : LHP Patrick Carlson
Now in CF: Xing-fu Chuko
Batting: SHB Alan Garland 0-0: Foul Ball, location: 2F
0-1: Ball
1-1: Ball
2-1: Ball
3-1: Swinging Strike
3-2: Base on Balls
Batting: SHB Víctor Torres Pickoff Throw to First - Error! E1
Alan Garland to second
0-0: Ball
1-0: Foul Ball, location: 2F
1-1: Ball
2-1: Foul Ball, location: 2F
2-2: SINGLE (Groundball, 56D)
Alan Garland to third
Runner from 3rd tries for Home, SAFE, throw made home
Víctor Torres to second
Batting: RHB Manuel Flores 0-0: Swinging Strike
0-1: Called Strike
0-2: Ball
1-2: Ball
2-2: Ball
3-2: Strikes out looking
Batting: SHB Cristián López 0-0: Ball
1-0: Ball
2-0: Called Strike
2-1: Ball
3-1: Ground out U3 (Groundball, 34S)
Víctor Torres to third
Batting: RHB Cristo Souza 0-0: Called Strike
0-1: DOUBLE (Line Drive, 8LXD)
Víctor Torres scores
Batting: LHB Félix Costa 0-0: Foul Ball, location: 2F
0-1: Ground out 1-3 (Groundball, P)
Bottom of the 3rd over - 2 run(s), 2 hit(s), 1 error(s), 1 left on base; Nashua 5 - Detroit 2
TOP OF THE 4TH
Nashua Redlegs batting - Pitching for Detroit Dirty Snow : RHP Gilbert Bright
Batting: RHB Katsuhito Ohayashi 0-0: Fly out, F8 (Flyball, 8LM)
Batting: RHB Dave Warren 0-0: Ball
1-0: Ball
2-0: Foul Ball, location: 2F
2-1: Ball
3-1: Foul Ball, location: 2F
3-2: Foul Ball, location: 2F
3-2: Foul Ball, location: 2F
3-2: Strikes out swinging
Batting: RHB Xing-fu Chuko 0-0: Fly out, F8 (Flyball, 8RS)
Top of the 4th over - 0 run(s), 0 hit(s), 0 error(s), 0 left on base; Nashua 5 - Detroit 2
BOTTOM OF THE 4TH
Detroit Dirty Snow batting - Pitching for Nashua Redlegs : LHP Patrick Carlson
Batting: RHB Carlos Rocha 0-0: Called Strike
0-1: Foul Ball, location: 2F
0-2: Ball
1-2: Strikes out swinging
Batting: RHB Gary Wyatt 0-0: Ball
1-0: Ball
2-0: Ground out 6-3 (Groundball, 6)
Batting: RHB Charlie O'Farrell 0-0: Swinging Strike
0-1: Called Strike
0-2: Strikes out looking
Bottom of the 4th over - 0 run(s), 0 hit(s), 0 error(s), 0 left on base; Nashua 5 - Detroit 2
TOP OF THE 5TH
Nashua Redlegs batting - Pitching for Detroit Dirty Snow : RHP Gilbert Bright
Batting: RHB Currito Campos 0-0: Ball
1-0: SINGLE (Groundball, 34D)
Batting: LHB Bob Campbell 0-0: SINGLE (Line Drive, 9LS)
Currito Campos to second
Pitching: RHP Mark Messier
Batting: SHB José Vélez 0-0: SINGLE (Groundball, 4S) (infield hit)
Currito Campos to third
Bob Campbell to second
Batting: RHB Jorge Valenzuela 0-0: Ground out 6-3 (Groundball, 6S)
Currito Campos scores
Bob Campbell to third
José Vélez to second
Batting: RHB António Pérez 0-0: Foul Ball, location: 2F
0-1: Ball
1-1: Ball
2-1: Called Strike
2-2: Ball
3-2: Foul Ball, location: 2F
3-2: Strikes out swinging
Batting: RHB Eleuterio Supardo 0-0: Called Strike
0-1: Ball
1-1: Called Strike
1-2: Strikes out swinging
Top of the 5th over - 1 run(s), 3 hit(s), 0 error(s), 2 left on base; Nashua 6 - Detroit 2
BOTTOM OF THE 5TH
Detroit Dirty Snow batting - Pitching for Nashua Redlegs : LHP Patrick Carlson
Batting: SHB Alan Garland 0-0: Ball
1-0: Ball
2-0: Foul Ball, location: 2F
2-1: TRIPLE (Flyball, 78D)
Batting: SHB Víctor Torres 0-0: Called Strike
0-1: Ball
1-1: Swinging Strike
1-2: Ball
2-2: Strikes out swinging
Batting: RHB Manuel Flores 0-0: Ball
1-0: Ball
2-0: Called Strike
2-1: Foul Ball, location: 2F
2-2: SINGLE (Groundball, 56D)
Alan Garland scores
Batting: SHB Cristián López Pickoff Throw to First - Out!
0-0: Called Strike
0-1: Swinging Strike
0-2: TRIPLE (Flyball, 8RXD)
Batting: RHB Cristo Souza 0-0: Ball
1-0: Called Strike
1-1: SINGLE (Groundball, 6MD)
Cristián López scores
Batting: LHB Félix Costa 0-0: Called Strike
0-1: Called Strike
0-2: Foul Ball, location: 2F
0-2: Ball
1-2: Foul Ball, location: 2F
1-2: Foul Ball, location: 2F
1-2: TRIPLE (Flyball, 8RM)
Cristo Souza scores
Pitching: LHP José Rodríguez
Batting: RHB Carlos Rocha 0-0: Ball
1-0: Foul Ball, location: 2F
1-1: Called Strike
1-2: Ball
2-2: Fly out, F7 (Line Drive, 7)
Bottom of the 5th over - 3 run(s), 5 hit(s), 0 error(s), 1 left on base; Nashua 6 - Detroit 5
TOP OF THE 6TH
Nashua Redlegs batting - Pitching for Detroit Dirty Snow : RHP Mark Messier
Batting: RHB Katsuhito Ohayashi 0-0: Ground out 5-3 (Groundball, 56)
Batting: RHB Dave Warren 0-0: Ball
1-0: Ball
2-0: SINGLE (Line Drive, 8LS)
Batting: RHB Xing-fu Chuko 0-0: Ball
1-0: Called Strike
1-1: Called Strike
1-2: Strikes out looking
Batting: RHB Currito Campos 0-0: Ball
1-0: Called Strike
1-1: Foul Ball, location: 2F
1-2: Foul Ball, location: 2F
1-2: Strikes out swinging
Top of the 6th over - 0 run(s), 1 hit(s), 0 error(s), 1 left on base; Nashua 6 - Detroit 5
BOTTOM OF THE 6TH
Detroit Dirty Snow batting - Pitching for Nashua Redlegs : LHP José Rodríguez
Batting: RHB Gary Wyatt 0-0: Called Strike
0-1: Ball
1-1: Ball
2-1: SINGLE (Flyball, 9LM)
Batting: RHB Charlie O'Farrell 0-0: Called Strike
0-1: Ball
1-1: Ball
2-1: Fly out, F8 (Flyball, 8RM)
Batting: SHB Alan Garland 0-0: Foul Ball, location: 2F
0-1: SINGLE (Line Drive, 7LS)
Gary Wyatt to second
Batting: SHB Víctor Torres 0-0: Ball
1-0: Swinging Strike
1-1: Called Strike
1-2: Foul Ball, location: 2F
1-2: Ball
2-2: SINGLE (Line Drive, 5D)
Gary Wyatt to third
Alan Garland to second
Runner from 3rd tries for Home, SAFE, no throw
Batting: RHB Manuel Flores 0-0: Ball
Alan Garland steals 3rd base
Víctor Torres to second
1-0: Called Strike
1-1: Ground out 4-3 (Groundball, 4)
Batting: SHB Cristián López 0-0: 3-RUN HOME RUN (Line Drive, 7D), Distance : 386 ft
Pitching: LHP Alberto Ledezma
Batting: RHB Cristo Souza 0-0: Called Strike
0-1: Foul Ball, location: 2F
0-2: Ball
1-2: Ball
2-2: DOUBLE (Groundball, 3L) - OUT at third base trying to stretch hit.
Bottom of the 6th over - 4 run(s), 5 hit(s), 0 error(s), 0 left on base; Nashua 6 - Detroit 9
TOP OF THE 7TH
Nashua Redlegs batting - Pitching for Detroit Dirty Snow : RHP Mark Messier
Batting: LHB Bob Campbell 0-0: Ball
1-0: Called Strike
1-1: SINGLE (Groundball, 6D)
Batting: SHB José Vélez 0-0: Called Strike
0-1: Ball
1-1: Called Strike
1-2: Ball
2-2: Fielders Choice at 2nd, 1-4 (Groundball, 15)
Batting: RHB Jorge Valenzuela 0-0: Called Strike
0-1: Ball
1-1: Called Strike
1-2: Foul Ball, location: 2F
1-2: Foul Ball, location: 2F
1-2: Fly out, F4 (Popup, 34D)
Pitching: RHP Fernando Barrón
Batting: RHB António Pérez 0-0: Ball
1-0: Foul Ball, location: 2F
1-1: Foul Ball, location: 2F
1-2: Strikes out swinging
Top of the 7th over - 0 run(s), 1 hit(s), 0 error(s), 1 left on base; Nashua 6 - Detroit 9
BOTTOM OF THE 7TH
Detroit Dirty Snow batting - Pitching for Nashua Redlegs : LHP Alberto Ledezma
Batting: LHB Félix Costa 0-0: Fly out, F7 (Flyball, 7)
Batting: RHB Carlos Rocha 0-0: Ground out 5-3 (Groundball, 5)
Batting: RHB Gary Wyatt 0-0: Ball
1-0: Called Strike
1-1: Ball
2-1: SINGLE (Line Drive, 8LS)
Batting: RHB Charlie O'Farrell 0-0: Ball
Gary Wyatt steals 2nd base
1-0: Called Strike
1-1: Ball
2-1: Called Strike
2-2: Ball
3-2: Strikes out swinging
Bottom of the 7th over - 0 run(s), 1 hit(s), 0 error(s), 1 left on base; Nashua 6 - Detroit 9
TOP OF THE 8TH
Nashua Redlegs batting - Pitching for Detroit Dirty Snow : RHP Fernando Barrón
Batting: RHB Eleuterio Supardo 0-0: Ball
1-0: Ball
2-0: Ball
3-0: Called Strike
3-1: Bunted foul
3-2: SINGLE (Groundball, 5D)
Batting: RHB Katsuhito Ohayashi 0-0: Called Strike
0-1: Foul Ball, location: 2F
0-2: Ball
1-2: Foul Ball, location: 2F
1-2: Strikes out looking
Batting: RHB Dave Warren 0-0: Called Strike
0-1: Swinging Strike
0-2: Ball
1-2: Ball
2-2: Foul Ball, location: 2F
2-2: Strikes out swinging
Batting: RHB Xing-fu Chuko 0-0: Called Strike
0-1: Called Strike
0-2: Strikes out swinging
Top of the 8th over - 0 run(s), 1 hit(s), 0 error(s), 1 left on base; Nashua 6 - Detroit 9
BOTTOM OF THE 8TH
Detroit Dirty Snow batting - Pitching for Nashua Redlegs : LHP Alberto Ledezma
Batting: SHB Alan Garland 0-0: Ball
1-0: Foul Ball, location: 2F
1-1: Ball
2-1: Foul Ball, location: 2F
2-2: Ball
3-2: Base on Balls
Batting: SHB Víctor Torres 0-0: Sac Bunt - play at first, batter OUT! 1-3
Alan Garland to second
Batting: RHB Manuel Flores 0-0: Foul Ball, location: 2F
0-1: Ball
1-1: Foul Ball, location: 2F
1-2: Ball
2-2: Ball
Passed Ball!
Alan Garland to third
3-2: Foul Ball, location: 2F
3-2: Strikes out swinging
Batting: SHB Cristián López 0-0: Ball
1-0: Ball
2-0: Called Strike
2-1: Called Strike
Steal of home, Alan Garland is out
Bottom of the 8th over - 0 run(s), 0 hit(s), 0 error(s), 0 left on base; Nashua 6 - Detroit 9
TOP OF THE 9TH
Nashua Redlegs batting - Pitching for Detroit Dirty Snow : RHP Fernando Barrón
Pitching: RHP Vaughan Horne
Batting: RHB Currito Campos 0-0: Called Strike
0-1: Ball
1-1: Swinging Strike
1-2: Ground out 4-3 (Groundball, 4)
Batting: LHB Bob Campbell 0-0: Ground out 5-3 (Groundball, 5L)
Batting: SHB José Vélez 0-0: Hit by Pitch
Batting: RHB Jorge Valenzuela 0-0: Ball
1-0: Called Strike
1-1: Ball
2-1: Foul Ball, location: 2F
2-2: Ball
3-2: Strikes out looking
Top of the 9th over - 0 run(s), 0 hit(s), 0 error(s), 1 left on base; Nashua 6 - Detroit 9
Tuesday, August 8th, 2017 - OOTP Baseball 17.12 Build 75